 Dungeon Crawl Stone Soup version 0.16-a0-3268-g31c7306 (webtiles) character file.

28121 superterranean the Grappler (level 13, -2/98 HPs)
             Began as a Troll Monk on Dec 19, 2014.
             Was a High Priest of Wulndraste (penitent).
             Slain by a six-headed hydra (15 damage)
             ... on level 7 of the Lair of Beasts on Dec 22, 2014.
             The game lasted 01:46:49 (17588 turns).

superterranean the Grappler (Troll Monk)           Turns: 17588, Time: 01:46:49

Health: -2/98      AC: 10    Str: 27    XL:     13   Next: 8%
Magic:  3/3        EV: 17    Int:  6    God:    Wulndraste [*]
Gold:   1251       SH:  0    Dex: 16    Spells: 1 memorised, 10 levels left

rFire  . . .     SeeInvis .     Z - +4 scimitar (flame)
rCold  + . .     Clarity  .     P - +4 robe of the Ban {Slay+5}
rNeg   . . .     SustAb   .     (shield restricted)
rPois  +         Gourm    +     (helmet restricted)
rElec  .         Spirit   .     g - +0 cloak
rCorr  .         Warding  .     (gloves unavailable)
rMut   .         Stasis   .     (boots unavailable)
MR     .....                    C - amulet of regeneration
Stlth  ++........               j - ring of ice
                                E - +3 ring of strength

@: studying Shields, not resistant to hostile enchantments, unstealthy
A: unfitting armour, claws 3, repulsion field 1, deterioration 1, fire
resistance 1, fast metabolism 3, gourmand, poison resistance, regeneration 2,
shaggy fur 1, strong 1, tough skin 2, wild magic 1
a: Renounce Religion


You were on level 7 of the Lair of Beasts.
You worshipped Wulndraste.
Wulndraste was demanding penance.
You were full.

You visited 3 branches of the dungeon, and saw 18 of its levels.
You also visited: Labyrinth, Sewer, Ossuary and Bailey.

You collected 1251 gold pieces.

Inventory:

Hand weapons
 Z - a +4 scimitar of flaming (weapon)
Missiles
 a - 5 throwing nets
 l - 10 javelins (quivered)
Armour
 g - a +0 cloak (worn)
 D - the +1 robe "Fuicwac" {rF++ SInv Stlth++ Curse}
   (You found it on level 8 of the Dungeon)

   It greatly protects you from fire.
   It enhances your eyesight.
   It may recurse itself when equipped.
   It makes you much more stealthy.
 I - a +1 robe of magic resistance
 P - the +4 robe of the Ban (worn) {Slay+5}
   (You found it on level 7 of the Lair of Beasts)

   It affects your accuracy and damage with ranged weapons and melee attacks
   (+5).
Jewellery
 d - an uncursed ring of see invisible
 j - a ring of ice (right claw)
 k - an uncursed ring of protection from magic
 w - an uncursed ring of magical power {unknown}
 A - an uncursed amulet of clarity
 C - an amulet of regeneration (around neck)
 E - a +3 ring of strength (left claw)
Magical devices
 f - a wand of slowing (19)
 u - a wand of paralysis (5)
 v - a wand of lightning (6)
 x - a wand of confusion (35)
 L - a wand of disintegration (15)
 M - a wand of fireball (0)
 N - a wand of teleportation (5)
Scrolls
 e - 8 scrolls of recharging
 i - 3 scrolls of fear
 o - 5 scrolls of teleportation
 s - 3 scrolls of remove curse
 t - 8 scrolls of enchant armour
 y - 4 scrolls of magic mapping
 B - 2 scrolls of enchant weapon
 G - 2 scrolls of blinking {unknown}
 H - a scroll of immolation {unknown}
 K - 2 scrolls of identify
 O - a scroll of brand weapon {unknown}
 S - 4 scrolls of vulnerability {unknown}
 T - 2 scrolls of fog
 V - a scroll of summoning {unknown}
 W - 2 scrolls of silence {unknown}
 X - 2 scrolls of acquirement {unknown}
Potions
 c - a potion of agility
 n - 4 potions of heal wounds
 r - 10 potions of curing
 z - 3 potions of magic
 F - 2 potions of invisibility
 J - 3 potions of restore abilities
Books
 Q - a manual of Shields
 Y - a manual of Shields
Comestibles
 b - 11 meat rations
 h - 10 bread rations
 m - 8 royal jellies
 p - 4 beef jerkies
 q - 14 fruits


   Skills:
 - Level 12.9 Fighting
 + Level 7.9 Dodging
 - Level 1.1 Stealth
 - Level 13.8 Unarmed Combat


You had 10 spell levels left.
You knew the following spells:

 Your Spells              Type           Power        Failure   Level  Hunger
a - Stoneskin             Trmt/Erth      #.......     87%         2    ###....


Dungeon Overview and Level Annotations

Branches:
Dungeon (10/15)            Temple (1/1) D:7            Lair (7/8) D:10
  Swamp (0/5) Lair:6        Snake (0/5) Lair:3        Slime (0/6) Lair:6
    Orc (0/4) D:10

Altars:
Ashenzari
Cheibriados
Dithmenos
Elyvilon
Fedhas
Gozag
Kikubaaqudgha
Makhleb
Nemelex Xobeh
Okawaru
Qazlal
Ru
Sif Muna
Trog
Vehumet Wulndraste
Xom
Yredelemnul
Zin
The Shining One
Jiyva

Shops:
D:10 (


Innate Abilities, Weirdness & Mutations

You are too large for most types of armour.
You have claws for hands.
Your metabolism is lightning-fast.
You like to eat raw meat.
You heal very quickly.
You are covered in fur (AC +1).
You have very tough skin (AC +2).
You are surrounded by a mild repulsion field (EV +2).
Your body is slowly deteriorating.
Your flesh is heat resistant.
Your system is resistant to poisons.
Your muscles are strong. (Str +2)
Your spells are a little harder to cast, but a little more powerful.


Message History

Okay, then.
Read which item? (? for menu, Esc to quit)
As you read the scroll of fear, it crumbles to dust.
You assume a fearsome visage.
The six-headed hydra easily resists.
The six-headed hydra bites you!
* * * LOW HITPOINT WARNING * * *
The six-headed hydra closely misses you. x2
The six-headed hydra bites you!
* * * LOW HITPOINT WARNING * * *
The six-headed hydra bites you.
* * * LOW HITPOINT WARNING * * *
The six-headed hydra bites you but does no damage.
Read which item? (? for menu, Esc to quit)
As you read the scroll labeled BUMPEDWARY, it crumbles to dust.
It is a scroll of enchant weapon.
Enchant which weapon? (? for menu, Esc to quit)
Your +3 scimitar of flaming glows red for a moment.
The six-headed hydra bites you but does no damage.
The six-headed hydra barely misses you. The six-headed hydra bites you!
You die...

.......#.#...#.#
.............#.######
..........<.........#
....................#
.##.#...#...........##
.#####.##............# ##
#########..)...## # ##....#.#
#†@..##* ### #.D..P# ####..
*** #....### #(#P.. *##,**
#P††...# ###..... *#...,#*
##....######.P.....
*#......## ###....##..P....##
## #P.......##
#.............##
P###..(......#
##..........###
.............####.#......#.##


You could see a six-headed hydra.

Vanquished Creatures
  A minotaur (Lab)
  A hydra (Lair:5)
  Fannar (Lair:3)
  Harold (Lair:2)
  Erica (Lair:2)
  Nergalle (Lair:7)
  An orc knight (Bailey)
  4 elephants (Lair:7)
  Psyche (D:8)
  5 black mambas
  8 spiny frogs
  A fire drake (Lair:6)
  7 komodo dragons
  A queen bee (D:9)
  9 blink frogs
  A trapdoor spider (Lab)
  15 yaks
  2 basilisks (D:10)
  2 wraiths
  A wyvern (D:9)
  A shadow (D:10)
  6 hippogriffs
  2 hungry ghosts (Lab)
  7 water moccasins
  2 swamp worms (Lair:6)
  Edmund (D:6)
  The ghost of Piginabag the Vexing, an average OpEn (Ossuary)
  6 porcupines
  2 nagas (Lair:3)
  17 orc warriors
  A black bear (Lair:5)
  3 sky beasts
  3 ogres
  A big kobold (D:8)
  A boring beetle (Lair:5)
  Duvessa (D:6)
  2 centaurs
  13 crocodiles
  7 giant frogs
  2 gnoll sergeants (D:7)
  3 scorpions
  A wyvern skeleton (D:8)
  18 killer bees
  6 crimson imps
  2 electric eels (Lair:6)
  Dowan (D:6)
  2 goliath beetles
  2 quasits
  2 jellies (D:8)
  3 giant frog skeletons
  7 orc priests
  10 orc wizards
  8 hounds
  4 worker ants
  A centaur skeleton (D:8)
  Natasha (D:6)
  3 iguanas
  2 killer bee zombies
  23 sheep
  A hound zombie (D:8)
  2 mummies
  14 gnolls
  22 adders
  36 river rats
  A giant mite (D:4)
  2 shadow imps
  2 worms (D:4)
  An adder skeleton (D:5)
  11 giant geckos
  An ooze (D:2)
  48 orcs
  6 ball pythons
  17 bats
  A bat skeleton (D:4)
  A bat zombie (D:6)
  A giant cockroach (D:3)
  16 goblins
  17 hobgoblins
  23 kobolds
  10 quokkas
  7 giant newts
  5 gnoll skeletons (Ossuary)
  19 jackals
  4 kobold skeletons (Ossuary)
  16 orc skeletons (Ossuary)
  9 rats
  A bush (Lair:6)
  2 plants (Sewer)
538 creatures vanquished.

Vanquished Creatures (others)
  Natasha (D:6)
  2 fungi (Lair:3)
3 creatures vanquished.

Grand Total: 541 creatures vanquished

Notes
Turn   | Place    | Note
--------------------------------------------------------------
     0 | D:1      | superterranean, the Troll Monk, began the quest for the Orb.
     0 | D:1      | Reached XP level 1. HP: 22/22 MP: 1/1
   241 | D:1      | Reached XP level 2. HP: 29/29 MP: 1/1
   906 | D:2      | Found a flag-altar of Wulndraste.
   910 | D:2      | Found an ancient bone altar of Kikubaaqudgha.
   916 | D:2      | Became a worshipper of Wulndraste the Wayfarer
   916 | D:2      | Acquired Wulndraste's first power
   916 | D:2      | Acquired Wulndraste's second power
   962 | D:2      | Found a deep blue altar of Sif Muna.
  1005 | D:2      | Reached skill level 5 in Unarmed Combat
  1005 | D:2      | Reached XP level 3. HP: 33/39 MP: 2/2
  1732 | D:3      | Found a glowing golden altar of the Shining One.
  1953 | D:3      | Reached XP level 4. HP: 48/48 MP: 2/2
  2367 | D:4      | Reached skill level 6 in Unarmed Combat
  2403 | D:4      | Noticed an ogre
  2442 | D:4      | Reached XP level 5. HP: 55/55 MP: 2/2
  2566 | D:4      | Acquired Wulndraste's third power
  2597 | D:4      | Found a sand-covered staircase.
  2620 | Ossuary  | Entered an ossuary
  2620 | Ossuary  | Noticed a wraith
  2620 | Ossuary  | Noticed a wraith
  2620 | Ossuary  | Noticed a wraith
  2628 | Ossuary  | Noticed Piginabag's ghost (average OpEn)
  2651 | Ossuary  | Killed Piginabag's ghost
  2651 | Ossuary  | Reached skill level 7 in Unarmed Combat
  2651 | Ossuary  | Reached XP level 6. HP: 60/70 MP: 3/3
  2674 | Ossuary  | Noticed a wraith
  2696 | Ossuary  | Killed a wraith
  2696 | Ossuary  | Reached skill level 8 in Unarmed Combat
  3019 | D:4      | Reached XP level 7. HP: 75/79 MP: 3/3
  3474 | D:4      | Reached skill level 9 in Unarmed Combat
  3906 | D:5      | Entered Level 5 of the Dungeon
  3970 | D:5      | Killed an ogre
  3972 | D:5      | Found a glowing drain.
  4010 | Sewer    | Entered a sewer
  4112 | Sewer    | Acquired Wulndraste's fourth power
  4671 | D:5      | Reached XP level 8. HP: 68/93 MP: 3/3
  5086 | D:6      | Acquired Wulndraste's fifth power
  5180 | D:6      | Reached skill level 5 in Fighting
  5294 | D:6      | Found a sacrificial altar of Ru.
  5294 | D:6      | Found an opulent altar of Gozag.
  5310 | D:6      | Noticed Edmund
  5327 | D:6      | Killed Edmund
  5387 | D:6      | Noticed Natasha
  5394 | D:6      | Killed Natasha
  5480 | D:6      | Noticed Dowan
  5482 | D:6      | Noticed Duvessa
  5484 | D:6      | Killed Duvessa
  5493 | D:6      | Killed Dowan
  5628 | D:6      | Noticed Natasha
  5631 | D:6      | Killed Natasha
  5748 | D:7      | Found a staircase to the Ecumenical Temple.
  5758 | Temple   | Entered the Ecumenical Temple
  6273 | D:7      | Reached XP level 9. HP: 84/120 MP: 5/5
  6725 | D:7      | now this, I don't like
  7174 | D:8      | Got a bloodstained robe
  7185 | D:8      | Identified the +1 robe "Fuicwac" {rF++ SInv Stlth++ Curse} (You found it on level 8 of the Dungeon)
  7185 | D:8      | I'll take it
  7395 | D:8      | Found a burning altar of Makhleb.
  7442 | D:8      | Noticed Psyche
  7453 | D:8      | Killed Psyche
  7695 | D:9      | Found a shadowy altar of Dithmenos.
  7808 | D:9      | Reached skill level 10 in Fighting
  7809 | D:9      | this is not good
  8005 | D:9      | Reached XP level 10. HP: 138/143 MP: 5/5
  8029 | D:9      | Gained mutation: Your system is resistant to poisons. [mutagenic meat]
  8030 | D:9      | Gained mutation: Your spells are a little harder to cast, but a little more powerful. [mutagenic meat]
  8310 | D:9      | Reached skill level 10 in Unarmed Combat
  8905 | D:10     | Entered Level 10 of the Dungeon
  9045 | D:10     | Found Cowosekoupt's Weapon Shoppe.
  9104 | D:10     | Found a flagged portal.
  9123 | Bailey   | Entered a bailey
  9201 | Bailey   | Reached skill level 11 in Unarmed Combat
  9804 | Bailey   | Found a roughly hewn altar of Beogh.
  9804 | Bailey   | Noticed an orc knight
  9900 | Bailey   | Killed an orc knight
  9918 | Bailey   | Reached XP level 11. HP: 97/156 MP: 5/5
 10451 | D:10     | Found a staircase to the Lair.
 10605 | D:10     | Reached skill level 12 in Unarmed Combat
 10687 | D:10     | Found a staircase to the Orcish Mines.
 10925 | Lair:1   | Entered Level 1 of the Lair of Beasts
 11800 | Lair:2   | Noticed Harold
 11805 | Lair:2   | Killed Harold
 12221 | Lair:2   | Reached skill level 13 in Unarmed Combat
 12261 | Lair:2   | Noticed Erica
 12278 | Lair:2   | Killed Erica
 12766 | Lair:3   | Noticed Fannar
 12789 | Lair:3   | Killed Fannar
 12812 | Lair:3   | Learned a level 2 spell: Stoneskin
 12915 | Lair:3   | my defenses suuuuck
 13067 | Lair:3   | Noticed a seven-headed hydra
 13149 | Lair:3   | Gained mutation: You are surrounded by a mild repulsion field (EV +2). [potion of beneficial mutation]
 13150 | Lair:3   | Gained mutation: Your flesh is heat resistant. [potion of beneficial mutation]
 13357 | Lair:3   | Reached XP level 12. HP: 158/171 MP: 6/6
 13464 | Lair:3   | Found a staircase to the Snake Pit.
 14857 | Lair:5   | Noticed a four-headed hydra
 14866 | Lair:5   | Killed a one-headed hydra
 15927 | Lair:6   | Found a staircase to the Swamp.
 16010 | Lair:6   | Reached skill level 5 in Dodging
 16096 | Lair:6   | Found a staircase to the Slime Pits.
 16096 | Lair:6   | Found a viscous altar of Jiyva.
 16647 | Lair:7   | Got a faintly glowing robe
 16678 | Lair:7   | Noticed Nergalle
 16694 | Lair:7   | Killed Nergalle
 16733 | Lair:7   | Found a labyrinth entrance.
 16753 | Lab      | Entered a labyrinth
 16917 | Lab      | Noticed a minotaur
 16918 | Lab      | Paralysed by a minotaur for 3 turns
 16923 | Lab      | Paralysed by a minotaur for 3 turns
 16933 | Lab      | Killed a minotaur
 16960 | Lab      | Identified the +4 robe of the Ban {Slay+5} (You found it on level 7 of the Lair of Beasts)
 16962 | Lab      | Was placed under penance by Wulndraste
 16962 | Lair:7   | Upgraded the game from 0.16-a0-3186-gb3d5106 to 0.16-a0-3268-g31c7306
 16976 | Lair:7   | Gained mutation: Your body is slowly deteriorating. [potion of mutation]
 16976 | Lair:7   | Gained mutation: Your muscles are strong. (Str +2) [potion of mutation]
 17150 | Lair:7   | Found a flag-altar of Wulndraste.
 17285 | Lair:7   | Reached XP level 13. HP: 90/98 MP: 3/3
 17560 | Lair:7   | Noticed a seven-headed hydra
 17588 | Lair:7   | Slain by a six-headed hydra

Action                   |  1- 3 |  4- 6 |  7- 9 | 10-12 | 13-15 || total
-------------------------+-------+-------+-------+-------+-------++-------
Melee: Unarmed           |   138 |   145 |   474 |   846 |    29 ||  1632
       Scimitar          |       |       |       |     5 |     2 ||     7
Throw: Javelin           |       |       |       |    10 |       ||    10
Invok: Blend In          |       |       |     1 |       |       ||     1
Evoke: Wand              |       |       |     3 |    11 |     1 ||    15
  Use: Potion            |       |     6 |     2 |    10 |       ||    18
       Scroll            |       |     1 |    10 |    15 |     2 ||    28
 Stab: Sleeping          |     2 |       |     4 |    23 |       ||    29
       Confused          |       |       |     1 |       |       ||     1
       Distracted        |       |       |       |     1 |       ||     1
  Eat: Chunk             |    17 |     7 |    49 |    81 |     7 ||   161
       Fruit             |       |       |       |     1 |       ||     1
       Bread ration      |       |       |       |     2 |       ||     2
       Pizza             |       |       |       |     1 |       ||     1
